 Dungeon Crawl Stone Soup version 0.26.0-16-gc1dbca0489 (webtiles) character file.

Game seed: 5384239324585803253

139701 delverdan the Impaler (level 17, -3/139 HPs)
             Began as a Barachi Fighter on Jan 20, 2021.
             Was a Priest of Cheibriados.
             Slain by an alligator snapping turtle (32 damage)
             ... on level 4 of the Shoals.
             The game lasted 01:41:24 (29263 turns).

delverdan the Impaler (Barachi Fighter)            Turns: 29263, Time: 01:41:25

Health: -3/139     AC: 35    Str: 30    XL:     17   Next: 29%
Magic:  23/26      EV: 17    Int: 19    God:    Cheibriados [***...]
Gold:   124        SH:  0    Dex: 20    Spells: 16/16 levels left

rFire    . . .     SeeInvis .   U - +8 glaive of the Guard {elec, spectral, AC+5}
rCold    + . .     Faith    +   (shield currently unavailable)
rNeg     + . .     Spirit   .   X - +4 pearl dragon scales of the Untouchables {rC+ rN+ Will+}
rPois    +         Reflect  .   y - +2 hat
rElec    +         Harm     .   O - +2 cloak {Stlth+}
rCorr    .         Rampage  .   z - +2 pair of gloves
Will     ++...                  p - +2 pair of boots "Ufriw" {rElec Stlth+}
Stlth    +.........             N - amulet of faith
HPRegen  0.33/turn              g - +4 ring of slaying
MPRegen  0.20/turn              k - ring of poison resistance

@: very slow
A: +LOS, swims, claws 1, talons 1, slowness 1, MP-powered wands, strong legs 2
a: Hop, Renounce Religion, Bend Time, Temporal Distortion


You were on level 4 of the Shoals.
You worshipped Cheibriados.
Cheibriados was most pleased with you.
You visited 5 branches of the dungeon, and saw 28 of its levels.
You visited the Abyss 1 time.
You also visited: Gauntlet.

You collected 3571 gold pieces.
You spent 3447 gold pieces at shops.

Inventory:

Hand Weapons
 w - a +1 demon trident of pain
 U - the +8 glaive of the Guard (weapon) {elec, spectral, AC+5}
   (You found it on level 10 of the Dungeon)

   Occasionally, upon striking a foe, it can discharge electrical energy and
   cause terrible harm.
   It retains the spirit of the tree from which it was made.
   In the hands of one skilled in evocations this spirit is drawn out to fight
   along side the wielder.
   It affects your AC (+5).
Armour
 p - the +2 pair of boots "Ufriw" (worn) {rElec Stlth+}
   (You found it in a Gauntlet)

   It insulates you from electricity.
   It makes you more stealthy.
 y - a +2 hat (worn)
 z - a +2 pair of gloves (worn)
 O - a +2 cloak of stealth (worn)
 X - the +4 pearl dragon scales of the Untouchables (worn) {rC+ rN+ Will+}
   (You bought it in a shop on level 2 of the Orcish Mines)

   It protects you from cold.
   It protects you from negative energy.
   It affects your willpower, your defense against some magical effects.
Jewellery
 c - an uncursed ring of fire
 g - a +4 ring of slaying (left hand)
 k - a ring of poison resistance (right hand)
 N - an amulet of faith (around neck)
 T - an uncursed ring of flight
Wands
 i - a wand of iceblast (36)
 q - a wand of flame (56)
 v - a wand of paralysis (23)
 B - a wand of polymorph (7)
 C - a wand of disintegration (10)
 D - a wand of acid (15)
 K - a wand of enslavement (6)
Scrolls
 b - a scroll of enchant weapon
 e - a scroll of fog
 f - 12 scrolls of remove curse
 h - 2 scrolls of identify
 m - 5 scrolls of amnesia
 n - 4 scrolls of teleportation
 r - 11 scrolls of immolation
 G - a scroll of torment
 H - 3 scrolls of silence
 L - a scroll of vulnerability
 M - a scroll of summoning
 V - 3 scrolls of magic mapping
 W - 2 scrolls of enchant armour
 Z - a scroll of fear
Potions
 d - 5 potions of might
 j - 5 potions of ambrosia
 l - 9 potions of curing
 t - 4 potions of lignification
 u - 2 potions of cancellation
 A - 7 potions of mutation
 I - 2 potions of brilliance
 P - 7 potions of attraction
Miscellaneous
 a - a phial of floods
 o - a condenser vane
 E - a phantom mirror
 R - a box of beasts


   Skills:
 - Level 14.0 Fighting
 - Level 14.0 Long Blades
 + Level 16.2 Polearms
 - Level 10.0 Armour
 - Level 9.0 Dodging
 - Level 10.1 Shields
 - Level 13.0 Invocations


You had 16 spell levels left.
You didn't know any spells.
Your spell library contained the following spells:

 Spells                   Type           Power        Failure   Level
 Freeze                   Ice            0%           38%         1
 Summon Small Mammal      Summ           0%           38%         1
 Call Imp                 Summ           0%           54%         2
 Call Canine Familiar     Summ           0%           77%         3
 Frozen Ramparts          Ice            0%           77%         3
 Ozocubu's Armour         Ice            0%           77%         3
 Summon Guardian Golem    Hex/Summ       0%           77%         3
 Animate Dead             Necr           0%           99%         4
 Hailstorm                Conj/Ice       0%           99%         4
 Leda's Liquefaction      Hex/Erth       0%           99%         4
 Summon Ice Beast         Ice/Summ       0%           99%         4
 Summon Lightning Spire   Summ/Air       0%           99%         4
 Bolt of Magma            Conj/Fire/Erth 0%           100%        5
 Borgnjor's Vile Clutch   Necr/Erth      0%           100%        5
 Death Channel            Necr           0%           100%        6
 Iron Shot                Conj/Erth      0%           100%        6
 Simulacrum               Ice/Necr       0%           100%        6
 Statue Form              Tmut/Erth      0%           100%        6
 Shatter                  Erth           0%           100%        9


Dungeon Overview and Level Annotations

Branches:
Dungeon (15/15)            Temple (1/1) D:7            Lair (6/6) D:11
 Shoals (4/4) Lair:3        Snake (0/4) Lair:3        Slime (0/5) Lair:6
    Orc (2/2) D:11            Elf (0/3) Orc:2        Vaults (0/5) D:13
Gauntlet (visited)
 Depths: D:15

Altars:
Ashenzari
Cheibriados
Dithmenos
Elyvilon
Fedhas
Gozag
Hepliaklqana
Kikubaaqudgha
Makhleb
Nemelex Xobeh
Okawaru
Qazlal
Ru
Sif Muna
Trog
Uskayaw
Vehumet
Wu Jian
Xom
Yredelemnul
Zin
The Shining One
Beogh
Jiyva

Shops:
D:4 *   D:8 !   D:11 [(   D:13 !*   Orc:2 }=([

Annotations:
Shoals:1 2 transporters, exclusion: orange crystal statue
Shoals:3 Mara


Innate Abilities, Weirdness & Mutations

You can be seen from farther away. (+LOS)
You can swim through water.
You cover ground slowly.
You can hop long distances.
You have sharp fingernails.
You have sharp toenails.
You expend magic power (3 MP) to strengthen your wands.


Message History

You reach to attack!
You slash the alligator snapping turtle!
The alligator snapping turtle is lightly wounded.
The alligator snapping turtle bites you from afar!
* * * LOW HITPOINT WARNING * * *
Reach: U) +8 glaive of the Guard {elec, spectral, AC+5}
Press: ? - help, Dir - move target, f/p - alligator snapping turtle
Aim: an alligator snapping turtle (water, lightly wounded)
You reach to attack!
You slice the alligator snapping turtle!!
The alligator snapping turtle is moderately wounded.
The alligator snapping turtle barely misses you.
Reach: U) +8 glaive of the Guard {elec, spectral, AC+5}
Press: ? - help, Dir - move target, f/p - alligator snapping turtle
Aim: an alligator snapping turtle (water, moderately wounded)
You reach to attack!
You completely miss the alligator snapping turtle.
The alligator snapping turtle is moderately wounded.
The alligator snapping turtle bites you from afar!!
You die...

≈≈≈≈≈≈≈≈≈≈≈≈≈≈≈≈≈#
≈≈≈≈≈≈≈≈≈≈≈≈≈≈≈≈≈#
≈≈≈≈≈≈≈≈≈≈≈≈≈≈≈≈≈#
≈≈≈≈≈≈≈≈≈≈≈≈≈≈≈≈≈#
≈≈≈≈≈≈≈≈≈≈≈≈≈≈≈≈≈#
*≈≈≈≈≈≈≈≈≈≈≈≈≈≈≈≈#
*≈≈≈≈≈≈≈≈≈≈≈≈≈≈t≈#
*≈≈≈≈≈≈≈≈≈≈≈≈≈≈≈≈#
*,≈≈≈≈≈≈≈≈≈≈≈≈≈≈@#
*,≈≈≈≈≈≈≈≈≈≈≈≈≈≈≈#
*,≈≈≈≈≈≈≈≈≈≈≈≈≈≈≈#
,,≈≈≈≈≈≈≈≈≈≈≈≈≈≈≈#
≈≈≈≈≈≈≈≈≈≈≈≈≈≈≈≈≈#
≈≈≈≈≈≈≈≈≈≈≈≈≈≈≈≈≈#
≈≈≈≈≈≈≈≈≈≈≈≈≈≈≈≈≈#
≈≈≈≈≈≈≈≈≈≈≈≈≈≈≈≈≈#
≈≈≈≈≈≈≈≈≈≈≈≈≈≈≈≈≈#


You could see an alligator snapping turtle.

Vanquished Creatures
  Jorgrun (D:15)
  2 tentacled starspawn (Abyss:2)
  Frances (D:13)
  Polyphemus (Shoals:2)
  Roxanne (Shoals:2)
  An orc warlord (Orc:2)
  Louise (Shoals:2)
  A stone giant (D:13)
  A minotaur (Gauntlet)
  A green death (Abyss:2)
  A merfolk impaler (Shoals:1)
  6 boulder beetles
  8 hydras
  3 centaur warriors
  3 merfolk avatars
  7 catoblepae
  12 two-headed ogres
  2 dancing weapons (D:13)
  7 death yaks
  A thrashing horror (Abyss:2)
  An orc high priest (Orc:1)
  2 sixfirhies (Abyss:2)
  A fire crab (Gauntlet)
  3 unseen horrors
  A deep troll (shapeshifter) (D:13)
  2 sea snakes
  Pikel (Temple)
  14 harpies
  An orc knight (Orc:2)
  5 ugly things
  8 cyclopes
  6 fauns
  An oklob plant (Gauntlet)
  A salamander (shapeshifter) (D:15)
  3 orc sorcerers (Orc:2)
  6 manticores
  A worldbinder (Gauntlet)
  6 elephants (Lair:6)
  A guardian serpent (Lair:3)
  A black mamba (Lair:3)
  A salamander (D:15)
  4 merfolk sirens
  4 water nymphs
  13 cane toads
  8 centaur skeletons
  2 gargoyles
  3 rime drakes
  2 kobold demonologists
  A freezing wraith (D:15)
  A yaktaur (D:15)
  7 komodo dragons
  8 trolls
  An ancient zyme (Abyss:2)
  4 polar bears
  15 merfolk
  A meliai (shapeshifter) (Abyss:2)
  3 meliai (D:13)
  A queen bee (Lair:2)
  2 wind drakes (Shoals:1)
  2 jumping spiders (Lair:5)
  28 blink frogs
  12 slime creatures
  A raiju (Abyss:2)
  6 large abominations (Abyss:2)
  2 shadows
  Sigmund (D:4)
  2 spriggans (Lair:5)
  A vampire (D:10)
  2 water elementals
  A tarantella (Lair:5)
  58 yaks
  A redback (Lair:5)
  2 wraiths
  A ynoxinul (Abyss:2)
  A yak (shapeshifter) (D:15)
  4 wyverns
  6 fire bats
  3 neqoxecs (Abyss:2)
  3 basilisks
  A chaos spawn (Abyss:2)
  2 vampire mosquitoes (D:13)
  A steam dragon (D:13)
  3 wargs
  6 acid dragons
  A soldier ant (D:13)
  18 water moccasins
  2 hell hounds (Gauntlet)
  A water moccasin (shapeshifter) (D:13)
  46 orc warriors
  18 ogres
  4 ice beasts
  3 sky beasts
  5 black bears
  3 necrophages
  A phantom (D:5)
  17 wolves
  5 boggarts
  9 centaurs
  A lemure (D:7)
  2 big kobolds (D:12)
  19 bullfrogs
  A gnoll sergeant (Orc:1)
  6 small abominations (Abyss:2)
  A water moccasin skeleton (D:6)
  6 scorpions
  34 killer bees
  23 wights
  A howler monkey (D:5)
  A quasit (D:13)
  3 centaur zombies
  6 hounds
  4 bullfrog skeletons
  9 jellies
  37 orc priests
  An iron imp (Abyss:2)
  24 orc wizards
  Jessica (D:2)
  Ijyb (D:3)
  5 iguanas
  12 worker ants
  6 hell rats (Lair:6)
  A hound zombie (D:8)
  A hound skeleton (D:4)
  12 gnolls
  A howler monkey skeleton (D:5)
  12 adders
  16 white imps
  4 ufetubi
  5 oozes
  6 worms
  A dart slug (D:2)
  6 leopard geckos
  132 orcs
  9 giant cockroaches
  7 goblins
  6 hobgoblins
  12 jackals
  17 kobolds
  5 quokkas
  11 bats
  3 frilled lizards
  A jackal skeleton (D:5)
  11 rats
  A starspawn tentacle (Abyss:2)
974 creatures vanquished.

Vanquished Creatures (others)
  A manticore (Lair:4)
  A boggart (D:14)
  20 fungi
  73 plants
  9 starspawn tentacles (Abyss:2)
104 creatures vanquished.

Grand Total: 1078 creatures vanquished

Notes
Turn   | Place    | Note
-------+----------+-------------------------------------------
     0 | D:1      | delverdan the Barachi Fighter began the quest for the Orb.
     0 | D:1      | Reached XP level 1. HP: 18/18 MP: 1/1
    31 | D:1      | Reached XP level 2. HP: 10/25 MP: 2/2
   373 | D:1      | Reached XP level 3. HP: 29/30 MP: 3/3
  1166 | D:2      | Noticed Jessica
  1173 | D:2      | Killed Jessica
  1174 | D:2      | Reached skill level 1 in Dodging
  1174 | D:2      | Reached XP level 4. HP: 33/37 MP: 4/4
  1294 | D:2      | Reached XP level 5. HP: 11/42 MP: 5/5
  2055 | D:3      | Noticed Ijyb
  2076 | D:3      | Killed Ijyb
  2077 | D:3      | Reached skill level 5 in Long Blades
  2136 | D:3      | Found a bloodstained altar of Trog.
  2176 | D:3      | Reached XP level 6. HP: 48/48 MP: 6/6
  2622 | D:4      | Found Naicrits's Assorted Antiques.
  2789 | D:4      | Noticed Sigmund
  2803 | D:4      | Killed Sigmund
  2804 | D:4      | Reached XP level 7. HP: 47/54 MP: 7/7
  3086 | D:4      | Got a pitted helmet
  3092 | D:4      | Identified the cursed +0 helmet of Uskayaw's Indignation
                  | {rPois rF- rC- Regen+} (You found it on level 4 of the
                  | Dungeon)
  4270 | D:5      | Entered Level 5 of the Dungeon
  4854 | D:5      | Reached XP level 8. HP: 59/60 MP: 8/8
  4866 | D:5      | Reached skill level 10 in Long Blades
  4962 | D:5      | Got a twisted long sword
  4963 | D:5      | Identified the +2 long sword of Makhleb's Condemnation
                  | {vorpal, rPois rF+ rN+ Str-2} (You found it on level 5 of
                  | the Dungeon)
  5279 | D:6      | Noticed a two-headed ogre
  5287 | D:6      | Killed a two-headed ogre
  5288 | D:6      | Reached XP level 9. HP: 51/65 MP: 6/9
  6329 | D:7      | Reached skill level 5 in Fighting
  6421 | D:7      | Found a staircase to the Ecumenical Temple.
  6465 | Temple   | Entered the Ecumenical Temple
  6501 | Temple   | Became a worshipper of Cheibriados the Contemplative
  6563 | D:7      | Noticed Pikel
  6626 | Temple   | Killed Pikel
  6627 | Temple   | Reached XP level 10. HP: 61/79 MP: 10/10
  7708 | D:8      | Noticed a two-headed ogre
  7715 | D:8      | Killed a two-headed ogre
  7794 | D:8      | Reached skill level 10 in Fighting
  7796 | D:8      | Reached * piety under Cheibriados
  7826 | D:8      | Reached skill level 5 in Armour
  8071 | D:8      | Found Lejim's Distillery.
  8690 | D:4      | Bought a scorched chain mail for 247 gold pieces
  8700 | D:4      | Identified the +1 chain mail of the Realm of Zot {Regen+
                  | Dex+4} (You bought it in a shop on level 4 of the Dungeon)
  8701 | D:4      | Bought a scroll of identify for 52 gold pieces
  8701 | D:4      | Bought a coral ring for 130 gold pieces
  9238 | D:9      | Reached ** piety under Cheibriados
  9494 | D:9      | Reached XP level 11. HP: 88/90 MP: 11/11
  9547 | D:9      | Found a shimmering altar of Xom.
  9584 | D:9      | Reached *** piety under Cheibriados
  9670 | D:9      | Reached skill level 10 in Armour
  9801 | D:10     | Entered Level 10 of the Dungeon
  9884 | D:10     | Found a transporter.
  9886 | D:10     | Found the +8 glaive of the Guard {elec, spectral, AC+5}
 10207 | D:10     | Reached skill level 5 in Shields
 10362 | D:10     | Found a transporter.
 11206 | D:11     | Found a staircase to the Lair.
 11239 | D:11     | Found Gaedieca's Weapon Shop.
 11240 | D:11     | Found a staircase to the Orcish Mines.
 11241 | D:11     | Reached **** piety under Cheibriados
 11241 | D:11     | Noticed a red ugly thing
 11255 | D:11     | Killed a red ugly thing
 11268 | D:11     | Found Aluac's Armour Shop.
 11415 | D:11     | Noticed a cyclops
 11422 | D:11     | Killed a cyclops
 11430 | D:11     | Noticed a green ugly thing
 11439 | D:11     | Killed a green ugly thing
 11440 | D:11     | Reached skill level 5 in Dodging
 11483 | D:11     | Noticed a green ugly thing
 11492 | D:11     | Killed a green ugly thing
 11540 | D:11     | Noticed a centaur warrior
 11547 | D:11     | Killed a centaur warrior
 11553 | D:11     | Reached ***** piety under Cheibriados
 11840 | D:11     | Killed an unseen horror
 11841 | D:11     | Reached XP level 12. HP: 97/97 MP: 12/12
 12352 | D:12     | Noticed a four-headed hydra
 12360 | D:12     | HP: 3/95 [orc priest/divine providence (11)]
 12650 | D:12     | You fall into a shaft and drop 1 floor!
 12650 | D:13     | Noticed a two-headed ogre
 12656 | D:12     | Reached ****** piety under Cheibriados
 13019 | D:12     | Reached skill level 10 in Shields
 13240 | D:13     | Reached skill level 1 in Invocations
 13327 | D:13     | Noticed Frances
 13338 | D:13     | Killed Frances
 13339 | D:13     | Reached skill level 5 in Invocations
 13340 | D:13     | Noticed a two-headed ogre
 13345 | D:13     | Killed a two-headed ogre
 13441 | D:13     | Found Botaac's Distillery.
 13443 | D:13     | Gained mutation: You can hop long distances. [Barachi
                  | growth]
 13443 | D:13     | Reached XP level 13. HP: 103/103 MP: 17/17
 13505 | D:13     | Bought a potion of heal wounds for 60 gold pieces
 13505 | D:13     | Bought a potion of heal wounds for 60 gold pieces
 13505 | D:13     | Found Kaogoj's General Store.
 13607 | D:13     | Found a gate to the Vaults.
 13828 | D:13     | Noticed a stone giant
 13837 | D:13     | Killed a stone giant
 14060 | D:13     | Reached skill level 10 in Invocations
 14126 | D:13     | Reached skill level 1 in Polearms
 14142 | D:13     | Reached skill level 2 in Polearms
 14147 | D:13     | Reached skill level 3 in Polearms
 14195 | D:14     | Reached skill level 4 in Polearms
 14282 | D:13     | Reached skill level 5 in Polearms
 14391 | D:13     | Reached skill level 6 in Polearms
 14527 | D:13     | Reached skill level 7 in Polearms
 14527 | D:13     | Reached XP level 14. HP: 110/110 MP: 17/21
 14572 | D:14     | Reached skill level 8 in Polearms
 14883 | D:14     | Found a shadowy altar of Dithmenos.
 14974 | D:15     | Entered Level 15 of the Dungeon
 14976 | D:15     | Noticed Jorgrun
 14988 | D:15     | Killed Jorgrun
 14989 | D:15     | Reached skill level 9 in Polearms
 15377 | D:15     | Reached skill level 10 in Polearms
 15464 | D:15     | Found a hide-covered altar of Uskayaw.
 15528 | D:15     | Noticed a dire elephant
 15777 | Orc:1    | Entered Level 1 of the Orcish Mines
 15792 | Orc:1    | Reached skill level 11 in Polearms
 15869 | Orc:2    | Entered Level 2 of the Orcish Mines
 16003 | Orc:2    | Found a staircase to the Elven Halls.
 16104 | Orc:2    | Found a roughly hewn altar of Beogh.
 16117 | Orc:2    | Found Raoxe's Jewellery Shop.
 16180 | Orc:2    | Found a roughly hewn altar of Beogh.
 16225 | Orc:1    | Found a radiant altar of Vehumet.
 16695 | Orc:2    | Found a roughly hewn altar of Beogh.
 16740 | Orc:2    | Found a roughly hewn altar of Beogh.
 16802 | Orc:2    | Found a roughly hewn altar of Beogh.
 16802 | Orc:2    | Found Wuiboele's Gadget Shoppe.
 16908 | Orc:2    | Found a roughly hewn altar of Beogh.
 16919 | Orc:2    | Found a bloodstained altar of Trog.
 17019 | Orc:2    | Noticed an orc warlord
 17029 | Orc:2    | Killed an orc warlord
 17036 | Orc:2    | Found a roughly hewn altar of Beogh.
 17046 | Orc:2    | Found Aggi Hye's Antique Armour Shop.
 17049 | Orc:2    | Found Ugah Tipnuf's Antique Weapon Boutique.
 17258 | Orc:2    | Paralysed by an orc sorcerer for 4 turns
 17267 | Orc:2    | Reached XP level 15. HP: 55/115 MP: 23/23
 17748 | Lair:1   | Entered Level 1 of the Lair of Beasts
 17765 | Lair:1   | Found a gate leading to a gauntlet.
 17777 | Gauntlet | Entered a Gauntlet
 17777 | Gauntlet | Found a transporter.
 17787 | Gauntlet | Found a transporter.
 17802 | Gauntlet | Found a transporter.
 17807 | Gauntlet | Found a transporter.
 17822 | Gauntlet | Found a transporter.
 17838 | Gauntlet | Found a transporter.
 17853 | Gauntlet | Found a transporter.
 17865 | Gauntlet | Found a transporter.
 17871 | Gauntlet | Found a transporter.
 17884 | Gauntlet | Found a transporter.
 17896 | Gauntlet | Found a transporter.
 17913 | Gauntlet | Found a transporter.
 17913 | Gauntlet | Found a transporter.
 17946 | Gauntlet | Found a transporter.
 17947 | Gauntlet | Found a transporter.
 18007 | Gauntlet | Found a transporter.
 18046 | Gauntlet | Found a transporter.
 18074 | Gauntlet | Found a transporter.
 18518 | Gauntlet | Got a pair of shimmering boots
 18530 | Gauntlet | Identified the +2 pair of boots "Ufriw" {rElec Stlth+} (You
                  | found it in a Gauntlet)
 20216 | Lair:3   | Found a staircase to the Snake Pit.
 20383 | Lair:3   | Found a staircase to the Shoals.
 20787 | Lair:4   | HP: 3/120 [catoblepas (21)]
 21832 | Lair:5   | You fall into a shaft and drop 1 floor!
 21832 | Lair:6   | Entered Level 6 of the Lair of Beasts
 21866 | Lair:6   | Found a runed translucent door.
 21866 | Lair:6   | Found a viscous altar of Jiyva.
 21866 | Lair:6   | Found a staircase to the Slime Pits.
 22404 | Lair:5   | Reached XP level 16. HP: 121/133 MP: 25/25
 22634 | Lair:5   | Found a runed translucent door.
 23069 | Lair:5   | Got a warped whip
 23071 | Lair:5   | Got a distressingly furry hat
 23120 | Lair:5   | Reached skill level 12 in Polearms
 23873 | Lair:6   | Reached skill level 13 in Polearms
 23985 | Lair:6   | Identified the +6 whip of the Undead {freeze, *Rage rElec
                  | rC+ Will++} (You found it on level 5 of the Lair of Beasts)
 23986 | Lair:6   | Identified the +1 hat of Niefis {+Blink} (You found it on
                  | level 5 of the Lair of Beasts)
 25633 | Shoals:1 | Entered Level 1 of the Shoals
 25750 | Shoals:1 | Found a transporter.
 26092 | Shoals:1 | Found a transporter.
 26473 | Shoals:2 | Noticed Polyphemus
 26649 | Shoals:2 | Reached skill level 14 in Polearms
 26649 | Shoals:2 | Noticed Roxanne
 26673 | Shoals:2 | Killed Roxanne
 27153 | Shoals:2 | Killed Polyphemus
 27436 | Shoals:2 | Noticed Louise
 27445 | Shoals:2 | Reached skill level 15 in Polearms
 27459 | Shoals:2 | Cast into level 2 of the Abyss (Louise)
 27520 | Abyss:2  | Noticed a tentacled starspawn
 27536 | Abyss:2  | Killed a tentacled starspawn
 27537 | Abyss:2  | Reached XP level 17. HP: 117/139 MP: 26/26
 27543 | Abyss:2  | Noticed a tentacled starspawn
 27552 | Abyss:2  | Killed a tentacled starspawn
 27800 | Abyss:2  | Gained mutation: Scrolls take you a little longer to read.
                  | [a neqoxec]
 27809 | Abyss:2  | Gained mutation: You tend to lose your temper in combat. [a
                  | neqoxec]
 27819 | Shoals:2 | Escaped the Abyss
 27822 | Shoals:2 | Lost mutation: Scrolls take you a little longer to read.
                  | [potion of mutation]
 27822 | Shoals:2 | Gained mutation: You expend magic power (3 MP) to
                  | strengthen your wands. [potion of mutation]
 27822 | Shoals:2 | Gained mutation: Your flesh is heat resistant. (rF+)
                  | [potion of mutation]
 27823 | Shoals:2 | Lost mutation: You expend magic power (3 MP) to strengthen
                  | your wands. [potion of mutation]
 27823 | Shoals:2 | Lost mutation: You tend to lose your temper in combat.
                  | [potion of mutation]
 27823 | Shoals:2 | Lost mutation: Your flesh is heat resistant. (rF+) [potion
                  | of mutation]
 27823 | Shoals:2 | Gained mutation: You have sharp toenails. [potion of
                  | mutation]
 27823 | Shoals:2 | Gained mutation: You expend magic power (3 MP) to
                  | strengthen your wands. [potion of mutation]
 27823 | Shoals:2 | Gained mutation: You have sharp fingernails. [potion of
                  | mutation]
 27837 | Shoals:2 | Killed Louise
 27838 | Shoals:2 | Reached skill level 16 in Polearms
 28348 | Orc:2    | Bought fading pearl dragon scales for 2898 gold pieces
 28350 | Orc:2    | Identified the +4 pearl dragon scales of the Untouchables
                  | {rC+ rN+ Will+} (You bought it in a shop on level 2 of the
                  | Orcish Mines)
 29119 | Shoals:3 | Noticed Mara
 29120 | Shoals:3 | Noticed delverdan's illusion
 29127 | Shoals:3 | HP: 6/139 [Mara/bolt of fire (42)]
 29132 | Shoals:4 | Entered Level 4 of the Shoals
 29263 | Shoals:4 | Slain by an alligator snapping turtle

Illustrated notes

Levels and vault maps discovered:
D:1:      dpeg_arrival_stonehenge_8_columns, layout_loops_ring
D:2:      layout_loops_ring, st_stairs_13, kennysheep_cross_room, uniq_jessica
D:3:      layout_rooms, bloody_trog, uniq_ijyb
D:4:      layout_basic, serial_shops, shop_statue, uniq_sigmund
D:5:      minmay_razor_zed, layout_basic
D:6:      layout_basic
D:7:      layout_cave_pools, minmay_temple_entry_waves, uniq_pikel
D:8:      layout_gridville, serial_shops, nicolae_shop_crystal
D:9:      layout_roguey, nicolae_overflow_hidden_temple, st_stairs_12
D:10:     gammafunk_cloud_chamber, layout_loops_corners
D:11:     layout_roguey, lair_entry_dummy, orc_david_3,
          portal_ice_cave_entry_imps
D:12:     layout_cave_pods
D:13:     cheibrodos_monumental, layout_basic, erik_vaults_1, serial_shops,
          shop_statue, shop, minivault_16, chequers_serial_rivers_small_3,
          kennysheep_generic_room_16, uniq_frances
D:14:     layout_rooms, minmay_misc_feat_doors, nicolae_dithmenos_shadow_blocks
D:15:     hangedman_depths_entry_try_elsewhere_first, layout_rooms, basic_altar,
          nicolae_sextant, uniq_jorgrun
Temple:   nicolae_temple_the_god_donut
Lair:1:   layout_misc_corridors, gauntlet_entry_generic
Lair:2:   layout_roguey [special_room_bee]
Lair:3:   layout_big_grid, elwin_shoals_entry_stream,
          minmay_snake_entry_spellcaster, serial_bayou_shore_b
Lair:4:   nzn_motion_control, layout_concentric_octagons
Lair:5:   gammafunk_indiana_jones, layout_regular_city, st_stairs_6,
          chequers_serial_rivers_micro_b, forest_entry_grove,
          serial_bayou_shore_b
Lair:6:   evilmike_catoblepas_cave, layout_layer_cave, slime_altar_2,
          grunt_megastairs_1
Shoals:1: gammafunk_sealed_arena, layout_shoals
Shoals:2: cheibrodos_shoals_roost, layout_shoals, uniq_polyphemus, uniq_roxanne,
          uniq_louise
Shoals:3: layout_shoals, uniq_mara
Shoals:4: shoals_end_hangedman, layout_shoals, lemuel_altar_in_water
Orc:1:    layout_caves, basic_altar
Orc:2:    grunt_orc_community_town_hall, layout_caves,
          grunt_orc_community_big_house_1, grunt_orc_community_big_house_2,
          grunt_orc_community_house_2, grunt_orc_community_house_3,
          grunt_orc_community_house_2, grunt_orc_community_house_1,
          grunt_orc_community_house_3, amcnicky_altar_gilded

Skill      XL: |  1  2  3  4  5  6  7  8  9 10 11 12 13 14 15 16 17 |
---------------+----------------------------------------------------+-----
Fighting       | 4 7 10 14 | 14.0
Armour         | 4 9 10 | 10.0
Long Blades    | 4 5 8 9 12 14 | 14.0
Dodging        | 1 7 9 |  9.0
Shields        | 4 8 10 | 10.1
Invocations    | 6 10 11 13 | 13.0
Polearms       | 7 11 15 16 | 16.2

Action                   |  1- 3 |  4- 6 |  7- 9 | 10-12 | 13-15 | 16-18 || total
-------------------------+-------+-------+-------+-------+-------+-------++-------
Melee: Long sword        |    87 |   165 |   264 |   240 |       |       ||   756
       Unarmed           |       |       |     5 |       |       |       ||     5
       Glaive            |       |       |       |   293 |   875 |   489 ||  1657
Invok: Bend Time         |       |       |       |     3 |    11 |     1 ||    15
       Temporal Distorti |       |       |       |     1 |    13 |     2 ||    16
       Slouch            |       |       |       |       |    18 |    13 ||    31
       Step From Time    |       |       |       |       |     1 |       ||     1
 Abil: Hop               |       |       |     1 |     4 |     2 |     3 ||    10
Evoke: Wand              |       |       |       |       |     4 |    19 ||    23
  Use: Scroll            |     2 |     3 |    13 |    14 |     7 |    12 ||    51
       Potion            |       |     2 |       |     4 |     6 |     8 ||    20
 Stab: Invisible         |       |       |       |     1 |       |       ||     1
       Distracted        |       |       |       |       |     1 |       ||     1
       Petrified         |       |       |       |       |       |     3 ||     3
Armor: Scale mail        |    31 |       |       |       |       |       ||    31
       Chain mail        |    37 |   104 |    97 |   453 |   638 |   304 ||  1633
       Pearl dragon scal |       |       |       |       |       |    14 ||    14
Dodge: Dodged            |    25 |    41 |    47 |   544 |  1189 |   563 ||  2409
Block: Kite shield       |    47 |    82 |    99 |   126 |       |       ||   354
       Other             |       |       |     1 |       |       |       ||     1
       Rpst.: Long sword |     7 |    12 |    13 |    17 |       |       ||    49
